 Dungeon Crawl Stone Soup version 0.31-a0-236-g9a0961fb85 (webtiles) character file.

Game seed: 9115937933775813103

485 qw the Shooter (level 7, 0/44 HPs)
             Began as a Gargoyle Hexslinger on July 10, 2023.
             Slain by a hornet (4 damage)
             ... on level 4 of the Dungeon.
             The game lasted 00:01:27 (2827 turns).

qw the Shooter (Gargoyle Hexslinger)                Turns: 2827, Time: 00:01:28

Health: 0/44       AC: 13    Str: 18    XL:     7   Next: 13%
Magic:  8/8        EV: 11    Int: 13    God:
Gold:   93         SH:  5    Dex: 14    Spells: 7/8 levels left

rFire   . . .        Y - +1 sling
rCold   . . .        (no shield)
rNeg    + . .        i - +0 ring mail
rPois   inf          (no helmet)
rElec   +            (no cloak)
rCorr   .            (no gloves)
SInv    .            f - +2 pair of boots
Will    .....        g - amulet of reflection
Stlth   +            d - +6 ring of strength
HPRegen 0.27/turn    (no ring)
MPRegen 0.11/turn

%: reflection
@: about to teleport
A: sickness immunity, AC +4, negative energy resistance 1, electricity
resistance, torment resistance 1, petrification resistance
a: no special abilities


You were on level 4 of the Dungeon.
You visited 1 branch of the dungeon, and saw 4 of its levels.

You collected 159 gold pieces.
You spent 66 gold pieces at shops.


Innate Abilities, Weirdness & Mutations

You are immune to sickness and miasma.
Your stone body is resilient. (AC +4)
You are immune to poison.
You resist negative energy. (rN+)
You are resistant to electric shocks. (rElec)
You are resistant to unholy torment.
You are immune to petrification.


   Skills:
 - Level 4.4 Fighting
 + Level 6.1 Ranged Weapons
 - Level 1.0 Armour
 - Level 1.5 Dodging
 - Level 1.0 Spellcasting
 - Level 2.6 Hexes


You had 7 spell levels left.
You knew the following spells:

 Your Spells              Type           Power      Damage    Failure   Level
a - Slow                  Hex            28%        N/A       17%         1

Your spell library contained the following spells:

 Spells                   Type           Power      Damage    Failure   Level
 Inner Flame              Hex/Fire       4%         N/A       65%         3
 Portal Projectile        Hex/Tloc       8%         N/A       65%         3
 Cause Fear               Hex            3%         N/A       86%         4

Inventory:

Hand Weapons
 Y - a +1 sling (weapon)
Armour
 f - a +2 pair of boots (worn)
 i - a +0 ring mail (worn)
Jewellery
 b - a ring of see invisible
 d - a +6 ring of strength (left hand)
 g - an amulet of reflection (around neck)
Scrolls
 e - a scroll of identify
Potions
 a - 2 potions of curing

Dungeon Overview and Level Annotations

Branches:
Dungeon (4/15)
 Temple: D:4-7

Altars:
Hepliaklqana
Xom

Shops:
D:1 [   D:3 !

Annotations:
D:4 Eustachio


Message History

You block the quokka's attack. The iron imp hits you.
Eustachio hits you but does no damage.
The quokka bites you but does no damage.
You shoot a sling bullet.
The sling bullet closely misses Eustachio.
The quokka barely misses you. The iron imp barely misses you.
Eustachio mumbles some strange words.
Eustachio blinks!
You shoot a sling bullet. The sling bullet hits the quokka.
The quokka is heavily wounded.
The quokka bites you but does no damage.
You block the iron imp's attack.
You shoot a sling bullet.
The sling bullet barely misses the iron imp.
The iron imp hits you.
The iron imp hits you but does no damage.
You shoot a sling bullet.
The sling bullet barely misses the iron imp.
The iron imp barely misses you.
The iron imp hits you but does no damage.
The iron imp misses you.
You shoot a sling bullet. The sling bullet hits the iron imp.
The iron imp is moderately wounded.
The iron imp barely misses you. x2
The iron imp hits you but does no damage.
Eustachio gestures wildly while chanting.
You shoot a sling bullet.
The sling bullet hits the iron imp but does no damage.
The iron imp is moderately wounded.
You block the iron imp's attack. The iron imp hits you!
2826 ||| READING scroll of teleportation.
As you read the scroll of teleportation, it crumbles to dust.
You feel strangely unstable.
The iron imp disappears in a puff of smoke!
The hornet closely misses you. The iron imp hits you.
You shoot a sling bullet. The sling bullet misses the hornet.
The sling bullet completely misses the quokka.
The sling bullet closely misses Eustachio.
The hornet stings you.
You die...

.# .# .# ## ##
..##########Z##
#..@ry@.##w#ยค##
#....55#.#####.#
#....r##..._#s#
#..... ##.8.###
#.... #_..###
#.... ###...#
#... ###'#.......
#... .
##..#........
..###...#........


You could see Eustachio, a hornet, 2 iron imps, a river rat (summoned) and a
quokka (summoned).

Vanquished Creatures
  Sigmund (D:3)
  A centaur (D:4)
  A scorpion (D:4)
  A hound (D:4)
  An iguana (D:4)
  Jessica (D:3)
  An orc wizard (D:4)
  An adder (D:2)
  2 worms
  A dart slug (D:2)
  6 orcs
  5 ball pythons
  5 bats
  4 endoplasms
  4 giant cockroaches
  8 goblins
  6 hobgoblins
  2 jackals (D:2)
  6 kobolds
  4 quokkas
  4 frilled lizards
  4 rats
69 creatures vanquished.

Notes
Turn   | Place    | Note
-------+----------+-------------------------------------------
     0 | D:1      | qw the Gargoyle Hexslinger began the quest for the Orb.
     0 | D:1      | Reached XP level 1. HP: 12/12 MP: 2/2
     0 | D:1      | 0 ||| qw: Version: 0.3-a-52-g30416fa
     0 | D:1      | 0 ||| qw: Game counter: 4862
     0 | D:1      | 0 ||| qw: Melee chars always use a shield: true
     0 | D:1      | 0 ||| qw: God list: Okawaru
     0 | D:1      | 0 ||| qw: Allow faded altars: false
     0 | D:1      | 0 ||| qw: Do Orc after clearing Dungeon:15 true
     0 | D:1      | 0 ||| qw: Do second Lair branch before Depths: true
     0 | D:1      | 0 ||| qw: Lair rune preference: random
     0 | D:1      | 0 ||| qw: Goals: Normal
     0 | D:1      | 0 ||| PLANNING D:1-11
   259 | D:1      | Reached XP level 2. HP: 16/16 MP: 3/3
   272 | D:1      | Found Exom Wiq's Antique Armour Boutique.
   282 | D:1      | 282 ||| SHOPLISTING leather armour (50 gold, have 19).
   282 | D:1      | 282 ||| SHOPLISTING ring mail (100 gold, have 19).
   308 | D:1      | Reached skill level 3 in Ranged Weapons
   647 | D:1      | 647 ||| UPGRADING to +0 pair of boots.
   652 | D:1      | 652 ||| UPGRADING to +0 ring mail.
   662 | D:1      | 662 ||| DROPPING +0 robe.
   663 | D:1      | 663 ||| UPGRADING to amulet of reflection.
   668 | D:1      | 668 ||| READING scroll labelled EDAULI BIMM.
   669 | D:1      | 669 ||| READING 2 scrolls labelled KOZAAWNIRCH.
   670 | D:1      | 670 ||| READING scroll labelled FUOLUR NEUSAO.
   671 | D:1      | 671 ||| DRINKING 2 blue potions.
   672 | D:1      | 672 ||| DROPPING scroll of poison.
   712 | D:2      | 712 ||| READING scroll of enchant armour.
   712 | D:2      | 712 ||| ENCHANTING +0 pair of boots.
   724 | D:2      | Reached XP level 3. HP: 21/21 MP: 4/4
   886 | D:2      | Reached skill level 1 in Armour
  1108 | D:2      | 1108 ||| READING scroll labelled HOIQI ZEQIU.
  1321 | D:2      | 1321 ||| READING scroll labelled NYIPTI TARCHUF.
  1344 | D:2      | Reached XP level 4. HP: 26/26 MP: 5/5
  1585 | D:2      | 1585 ||| READING scroll labelled MOGAFF OZ UWAL.
  1640 | D:3      | Found Gymiquedey's Distillery.
  1650 | D:3      | 1650 ||| SHOPLISTING 2 potions of enlightenment (110 gold,
                  | have 83).
  1650 | D:3      | 1650 ||| BUYING potion of curing (33 gold).
  1650 | D:3      | Bought a potion of curing for 33 gold pieces
  1650 | D:3      | 1650 ||| BUYING potion of curing (33 gold).
  1650 | D:3      | Bought a potion of curing for 33 gold pieces
  1650 | D:3      | 1650 ||| SHOPLISTING potion of heal wounds (55 gold, have
                  | 17).
  1650 | D:3      | 1650 ||| SHOPLISTING potion of mutation (88 gold, have 17).
  1778 | D:3      | Noticed Sigmund
  1781 | D:3      | 1781 ||| FLEEEEING.
  1789 | D:3      | 1789 ||| FLEEEEING.
  1790 | D:3      | 1790 ||| FLEEEEING.
  1791 | D:3      | 1791 ||| FLEEEEING.
  1792 | D:3      | 1792 ||| FLEEEEING.
  1798 | D:3      | 1798 ||| FLEEEEING.
  1799 | D:3      | 1799 ||| FLEEEEING.
  1802 | D:3      | Killed Sigmund
  1803 | D:3      | Reached skill level 5 in Ranged Weapons
  1803 | D:3      | Reached XP level 5. HP: 28/30 MP: 6/6
  1825 | D:3      | Noticed Jessica
  1828 | D:3      | Killed Jessica
  1829 | D:3      | Reached XP level 6. HP: 36/36 MP: 7/7
  1975 | D:3      | 1975 ||| READING scroll of enchant armour.
  1975 | D:3      | 1975 ||| ENCHANTING +1 pair of boots.
  2400 | D:3      | 2400 ||| Stepping ~*~*~tactically~*~*~ (water).
  2404 | D:3      | 2404 ||| Stepping ~*~*~tactically~*~*~ (water).
  2406 | D:3      | 2406 ||| Stepping ~*~*~tactically~*~*~ (water).
  2408 | D:3      | 2408 ||| Stepping ~*~*~tactically~*~*~ (water).
  2413 | D:3      | 2413 ||| Stepping ~*~*~tactically~*~*~ (water).
  2528 | D:3      | 2528 ||| UPGRADING to +6 ring of strength.
  2529 | D:3      | 2529 ||| READING 4 scrolls of identify.
  2529 | D:3      | 2529 ||| IDENTIFYING glowing sapphire potion
  2530 | D:3      | 2530 ||| READING 3 scrolls of identify.
  2530 | D:3      | 2530 ||| IDENTIFYING fizzy silvery potion
  2531 | D:3      | 2531 ||| READING 2 scrolls of identify.
  2531 | D:3      | 2531 ||| IDENTIFYING glowing blue potion
  2532 | D:3      | 2532 ||| DROPPING potion of invisibility.
  2533 | D:3      | 2533 ||| DROPPING potion of degeneration.
  2534 | D:3      | 2534 ||| DROPPING potion of magic.
  2560 | D:4      | Reached skill level 3 in Fighting
  2649 | D:4      | Reached skill level 6 in Ranged Weapons
  2665 | D:4      | Reached XP level 7. HP: 33/44 MP: 8/8
  2665 | D:4      | Noticed a hornet
  2675 | D:4      | HP: 6/44 [hornet (10)]
  2676 | D:4      | 2676 ||| READING 2 scrolls of teleportation.
  2677 | D:4      | 2677 ||| DRINKING potion of heal wounds.
  2785 | D:4      | Found a hazy altar of Hepliaklqana.
  2786 | D:4      | Found a shimmering altar of Xom.
  2787 | D:4      | Noticed a spectral ugly thing
  2794 | D:4      | Noticed Eustachio
  2825 | D:4      | HP: 10/44 [iron imp[Eustachio] (9)]
  2826 | D:4      | 2826 ||| READING scroll of teleportation.
  2826 | D:4      | HP: 4/44 [iron imp[Eustachio] (6)]
  2827 | D:4      | Slain by a hornet

Levels and vault maps discovered:
D:1:      psy_arrival_conway, layout_basic, serial_shops, shop,
          minmay_misc_feat_doors
D:2:      layout_basic, minmay_puff
D:3:      layout_basic, serial_shops, shop, serial_bayou_pond_b,
          nicolae_houndstooth_variations, uniq_jessica, uniq_sigmund
D:4:      layout_basic, regret_index_temple_of_mockery, zin_angel,
          uniq_eustachio

Skill      XL: |  1  2  3  4  5  6 |
---------------+-------------------+-----
Ranged Weapons | 3 5 6 |  6.1
Fighting       | 2 4 |  4.4
Armour         | 1 |  1.0
Dodging        | |  1.5
Spellcasting   | |  1.0
Hexes          | |  2.6

Action                     |  1- 3 |  4- 6 |  7- 9 || total
---------------------------+-------+-------+-------++-------
   Fire: Sling             |   115 |   118 |    48 ||   281
    Use: Scroll            |     6 |     5 |     2 ||    13
         Potion            |     1 |       |     1 ||     2
 Armour: Robe              |     2 |       |       ||     2
         Ring mail         |    14 |    34 |    42 ||    90
  Dodge: Dodged            |    32 |    33 |    45 ||   110
  Block: Other             |     5 |    17 |    14 ||    36
         Reflection        |       |     1 |       ||     1

Table legend:
 A = Non-vault XP
 B = Vault XP
 C = Vault XP percentage of total XP
 D = Non-vault monster count
 E = Vault monster count
 F = Vault count percentage of total count
                 A         B        C        D         E       F
            +---------+---------+-------+---------+---------+-------
      Total |     432 |     262 |  37.8 |      60 |       9 |  13.0
            +---------+---------+-------+---------+---------+-------
        D:1 |      32 |       0 |   0.0 |      17 |       0 |   0.0
        D:2 |      48 |       6 |  11.1 |      19 |       4 |  17.4
        D:3 |      31 |     256 |  89.2 |      14 |       5 |  26.3
        D:4 |     321 |       0 |   0.0 |      10 |       0 |   0.0
            +---------+---------+-------+---------+---------+-------
